 Dungeon Crawl Stone Soup version 0.30-a0-39-g42789b21ef (webtiles) character file.

Game seed: 4320696437488840837

70 frimble the Trooper (level 4, -1/51 HPs)
             Began as a Demonspawn Air Elementalist on Aug 28, 2022.
             Killed by divine providence
             ... invoked by an orc priest
              (10 damage)
             ... on level 3 of the Dungeon.
             The game lasted 00:02:26 (2065 turns).

frimble the Trooper (Demonspawn Air Elementalist)   Turns: 2065, Time: 00:02:26

Health: -1/51      AC: 22    Str: 10    XL:     4   Next: 3%
Magic:  7/7        EV:  2    Int: 16    God:
Gold:   68         SH:  0    Dex: 14    Spells: 6/7 levels left

rFire   . . .      SeeInvis .    f - +0 whip
rCold   . . .      Faith    .    (no shield)
rNeg    . . .      Spirit   .    (body armour currently unavailable)
rPois   +          Reflect  .    (helmet currently unavailable)
rElec   .          Harm     .    (cloak currently unavailable)
rCorr   .          Rampage  .    (gloves currently unavailable)
Will    .....      NoTele   +    (boots currently unavailable)
Stlth   ++........               (no amulet)
HPRegen 0.17/turn                (no ring)
MPRegen 0.10/turn                (no ring)

@: tree-form, attractive
A: stationary, stasis, torment immunity, boosted hp, (horns 1), (demonic touch
1)
a: no special abilities


You were on level 3 of the Dungeon.
You were a tree.
You visited 1 branch of the dungeon, and saw 4 of its levels.

You collected 68 gold pieces.

Inventory:

Hand Weapons
 f - a +0 whip (weapon)
Armour
 c - a +0 ring mail (melded)
 e - a +0 pair of boots (melded)
 k - a +0 helmet
Jewellery
 h - a ring of protection from cold
Scrolls
 a - 2 scrolls of teleportation
 d - 2 scrolls of summoning
 i - a scroll of butterflies
 l - a scroll of fear {unknown}
Potions
 b - 2 potions of magic


   Skills:
 + Level 2.8 Fighting
 - Level 1.8 Dodging
 - Level 1.8 Stealth
 + Level 1.7 Unarmed Combat
 - Level 2.0 Spellcasting
 - Level 1.0 Conjurations
 - Level 2.7 Air Magic


You had 6 spell levels left.
You knew the following spells:

 Your Spells              Type           Power      Damage    Failure   Level
a - Shock                 Conj/Air       28%        1d4       10%         1

Your spell library contained the following spells:

 Spells                   Type           Power      Damage    Failure   Level
 Static Discharge         Conj/Air       14%        3-4/arc   14%         2
 Swiftness                Air            10%        N/A       21%         3
 Airstrike                Air            5%         2d(1-17)  56%         4


Dungeon Overview and Level Annotations

Branches:
Dungeon (4/15)
 Temple: D:4-7

Altars:


Innate Abilities, Weirdness & Mutations

You are a tree.
Your roots penetrate the ground, keeping you stationary.
You cannot be teleported.
You are immune to unholy pain and torment.
Your maximum health is greatly increased.
Your equipment is partially melded.
((You have a pair of small horns on your head.))
((Your touch may inflict minor irresistible damage on your foes.))


Message History

You are too injured to fight recklessly!
You are too injured to fight recklessly!
You aren't carrying any items that you can evoke.
It was a potion of attraction.
You feel attractive to monsters. The orc hits you with a +0 mace.
The orc closely misses you. The orc priest is attracted toward you.
You barely miss the orc priest. You headbutt the orc priest.
The orc priest is moderately wounded.
The orc closely misses you. The orc hits you but does no damage.
The orc priest closely misses you.
You hit the orc priest. Your headbutt misses the orc priest.
The orc priest is moderately wounded.
The orc closely misses you. The orc hits you but does no damage.
The orc priest hits you with a +0 hand axe.
You hit the orc priest.
The orc priest is heavily wounded.
The orc closely misses you. The orc hits you but does no damage.
The orc priest calls down the wrath of Beogh upon you.
Pain shoots through your body!
* * * LOW HITPOINT WARNING * * *
It was a potion of lignification.
You turn into a tree.
Your +0 pair of boots melds into your body.
Your +0 ring mail melds into your body.
Your roots penetrate the ground.
The orc hits you but does no damage.
The orc priest hits you but does no damage.
You closely miss the orc priest.
The orc priest is heavily wounded.
The orc hits you but does no damage.
The orc priest hits you but does no damage.
You hit the orc priest.
The orc priest is heavily wounded.
The orc hits you but does no damage. x3
The orc priest hits you but does no damage.
You hit the orc priest.
The orc priest is severely wounded.
The orc hits you but does no damage.
The orc priest mumbles some strange prayers to Beogh against you.
Beogh smites you!
You die...

....####........
.......>.....#
#######...#.##
##†#### #..#.####
########.....#.##
................####
#########..##...o#.##
##.#####♣o..## #.#
##o)..# #.# #.)...#
#.# #.#.### #.# #.#.#
.# #.# # .# #.# #(#
#.#


You could see an orc priest and 2 orcs.

Vanquished Creatures
  2 adders (D:2)
  A worm (D:3)
  3 dart slugs
  2 orcs (D:3)
  7 endoplasms
  2 giant cockroaches (D:1)
  3 hobgoblins
  4 kobolds
  3 quokkas
  2 ball pythons
  A bat (D:2)
  2 frilled lizards
  2 goblins (D:1)
  4 rats (D:1)
38 creatures vanquished.

Notes
Turn   | Place    | Note
-------+----------+-------------------------------------------
     0 | D:1      | frimble the Demonspawn Air Elementalist began the quest for
                  | the Orb.
     0 | D:1      | Reached XP level 1. HP: 13/13 MP: 3/3
   431 | D:1      | Reached skill level 1 in Fighting
   484 | D:1      | Discovered your monstrous ancestry.
   484 | D:1      | Gained mutation: You have a pair of small horns on your
                  | head. [demonic ancestry]
   484 | D:1      | Reached XP level 2. HP: 21/21 MP: 5/5
  1709 | D:2      | Gained mutation: Your touch may inflict minor irresistible
                  | damage on your foes. [demonic ancestry]
  1709 | D:2      | Reached XP level 3. HP: 25/27 MP: 6/6
  1729 | D:2      | Reached skill level 1 in Unarmed Combat
  1970 | D:2      | You fall into a shaft and drop 2 floors!
  2053 | D:3      | Reached XP level 4. HP: 32/34 MP: 7/7
  2065 | D:3      | Killed from afar by an orc priest

Illustrated notes

Levels and vault maps discovered:
D:1:      dpeg_arrival_water_fire, layout_rooms, minmay_ruptured
D:2:      kennysheep_big_flooded_room, layout_rooms,
          shapermc_ecumenical_altar_totnotflames, basic_altar
D:3:      layout_basic, lemuel_crystal_altar, nicolae_figureground_pulse
D:4:      layout_loops_corners, yredelemnul_altar_generic, serial_shops,
          nicolae_shop_bloodbath_and_beyond, minmay_statues_item

Skill      XL: |  1  2  3 |
---------------+----------+-----
Fighting       | 1 2 |  2.8
Unarmed Combat | 1 |  1.7
Dodging        | |  1.8
Stealth        | |  1.8
Spellcasting   | |  2.0
Conjurations   | |  1.0
Air Magic      | |  2.7

Action                   |  1- 3 |  4- 6 || total
-------------------------+-------+-------++-------
Melee: Whip              |   110 |    10 ||   120
       Headbutt          |    18 |     1 ||    19
       Touch             |     4 |     1 ||     5
 Cast: Shock             |     8 |       ||     8
  Use: Scroll            |     3 |       ||     3
       Potion            |       |     2 ||     2
 Stab: Sleeping          |     1 |       ||     1
Armor: Ring mail         |    37 |     5 ||    42
       Skin              |       |     9 ||     9
Dodge: Dodged            |    50 |     6 ||    56

Table legend: (Time is in decaauts)
 A = Elapsed time spent in this place.
 B = Non-inter-level travel time spent in this place.
 C = Inter-level travel time spent in this place.
 D = Time resting spent in this place.
 E = Time spent auto-exploring this place.
 F = Levels seen in this place.
 G = Mean time per level.
                   A        B        C        D        E       F      G
               +--------+--------+--------+--------+--------+-----+--------+
         Total |   2075 |   2051 |     24 |      3 |   1705 |   4 |  518.8 |
       Dungeon |   2075 |   2051 |     24 |      3 |   1705 |   4 |  518.8 |
               +--------+--------+--------+--------+--------+-----+--------+

Top non-repeatable levels by time:
     D:1: 1677 daAuts
     D:2: 302 daAuts
     D:3: 89 daAuts
     D:4: 6 daAuts
